 Dungeon Crawl Stone Soup version 0.15.2 (console) character file.

3005 Lightli the Basher (level 9, -9/56 HPs)
             Began as a Tengu Death Knight on Aug 22, 2022.
             Was a High Priest of Yredelemnul.
             Mangled by an orc warrior
             ... wielding a +0 halberd
              (17 damage)
             ... on Level 7 of the Dungeon.
             The game lasted 00:14:07 (8039 turns).

Lightli the Basher (Tengu Death Knight)             Turns: 8039, Time: 00:14:07

HP  -9/56        AC 10     Str 16      XL: 9   Next: 84%
MP  13/15        EV 14     Int 12      God: Yredelemnul [*****.]
Gold 390         SH  0     Dex 14      Spells:  0 memorised,  8 levels left

rFire  . . .     SeeInvis .     q - +1 morningstar
rCold  . . .     Clarity  .     r - +2 ring mail of Eternal Night {Slay+1}
rNeg   . . .     rCorr    .     (no shield)
rPois  .         rRot     .     (helmet restricted)
rElec  .         Spirit   .     t - +1 cloak
SustAb .         Warding  .     (no gloves)
rMut   .         Stasis   .     (boots unavailable)
Gourm  .                        (no amulet)
MR     +....                    (no ring)
                                l - ring of protection from magic

@: flying quickly and evasively, quick, somewhat resistant to hostile
enchantments, very unstealthy
A: able to fly, beak, talons 3
a: Animate Dead, Recall Undead Slaves, Injury Mirror, Drain Life, Enslave Soul,
Renounce Religion


You were on level 7 of the Dungeon.
You worshipped Yredelemnul.
Yredelemnul was extremely pleased with you.
You were hungry.

You visited 1 branch of the dungeon, and saw 7 of its levels.
You also visited: Sewer.

You collected 390 gold pieces.

Inventory:

Hand weapons
 a - a +1 mace
 q - a +1 morningstar (weapon)
Armour
 r - the +2 ring mail of Eternal Night (worn) {Slay+1}
   (You found it on level 5 of the Dungeon)

   It affects your accuracy and damage with ranged weapons and melee attacks
   (+1).
 t - a +1 cloak (worn)
 y - the +1 leather armour of Fashionability {rN+}
   (You found it on level 6 of the Dungeon)

   It protects you from negative energy.
 A - a +0 buckler
Magical devices
 C - a wand of frost (12)
 D - a wand of polymorph (10)
Comestibles
 c - 5 bread rations
 i - 4 beef jerkies
 k - 3 slices of pizza
 m - 3 royal jellies
 u - 3 meat rations
Scrolls
 d - a scroll of fog
 e - a scroll of enchant weapon
 h - 3 scrolls of amnesia
 j - 2 scrolls of teleportation
 o - a scroll of fear
 p - 2 scrolls of remove curse
Jewellery
 l - a ring of protection from magic (left hand)
Potions
 b - a potion of poison {unknown}
 g - 2 potions of magic
 n - 4 potions of restore abilities
 s - 2 potions of haste
 v - a potion of cancellation
 w - 3 potions of heal wounds
 x - a potion of flight
 z - 2 potions of resistance {unknown}
 B - a potion of brilliance {unknown}
 H - a potion of porridge
Books
 f - a book of Power

   Spells                             Type                      Level
   Fulminant Prism                    Conjuration/Hexes            4
   Iskenderun's Mystic Blast          Conjuration                  4
   Venom Bolt                         Conjuration/Poison           5
   Bolt of Magma                      Conjuration/Fire/Earth       5
   Iron Shot                          Conjuration/Earth            6
   Orb of Destruction                 Conjuration                  7
 E - a book of the Warp

   Spells                             Type                      Level
   Control Teleport                   Charms/Translocation         4
   Phase Shift                        Translocation                5
   Warp Weapon                        Charms/Translocation         5
   Dispersal                          Translocation                6
   Controlled Blink                   Translocation                7
   Disjunction                        Translocation                8
 F - a book of Party Tricks

   Spells                             Type                      Level
   Summon Butterflies                 Summoning                    1
   Apportation                        Translocation                1
   Blink                              Translocation                2
   Tukima's Dance                     Hexes                        3
   Alistair's Intoxication            Transmutation/Poison         4


   Skills:
 - Level 6.5 Fighting
 + Level 9.8 Maces & Flails
 - Level 6.2 Armour
 - Level 6.0 Dodging
 - Level 2.4 Invocations


You had 8 spell levels left.
You didn't know any spells.

Dungeon Overview and Level Annotations

Branches:
Dungeon (7/15)             Temple (0/1) D:7

Altars:
Elyvilon
Fedhas
Kikubaaqudgha


Innate Abilities, Weirdness & Mutations

You can fly.
You have a beak for a mouth.
You have claws for feet.


Message History

The orc warrior is almost dead.
The orc wizard hits you but does no damage.
The orc warrior hits you with a halberd!
* * * LOW HITPOINT WARNING * * *
The orc misses you.
The orc wizard hits you but does no damage.
The orc warrior closely misses you.
Evoke which item? (* to show all) (? for menu, Esc to quit)
Okay, then.
The orc wizard hits you but does no damage.
Evoke which item? (* to show all) (? for menu, Esc to quit)
Zapping:
D - a copper wand
Press: ? - help, Shift-Dir - straight line, f - orc wizard
Aim: an orc wizard, wielding a dagger and wearing a robe (fast)
The orc wizard resists.
D - a wand of polymorph {zapped: 1} The orc wizard hits you but does no damage.
The orc warrior hits you from afar with a halberd!
You die...
Your body rises from the dead as a mindless zombie.

### ....# #.....
#.....### ......o.o#
#o# #o# #o# ##########
#@# .........# #.#
########.# #.# # #.#
#.# # #.#
####.######### #
##.####............# #
####...##).#..#######.#
# #.....))).###.# #.# #
#.##...##..#..# #.#


You could see an orc warrior, an orc wizard and 2 orcs.

Vanquished Creatures
  A sky beast (D:6)
  3 centaurs
  2 phantoms
  3 ogres (D:7)
  Duvessa (D:6)
  A big kobold (Sewer)
  4 giant frogs
  A water moccasin zombie (D:5)
  3 scorpions
  2 killer bees (D:7)
  A goliath beetle (D:7)
  Dowan (D:6)
  3 crimson imps
  Crazy Yiuf (D:5)
  2 iguanas
  7 orc priests
  A gnoll shaman (D:7)
  2 hounds (D:5)
  An orc wizard (D:2)
  4 worker ants
  Jessica (D:2)
  3 ogre skeletons
  A worker ant zombie (D:7)
  9 adders
  2 green rats (Sewer)
  18 gnolls
  2 giant mites (D:5)
  A worm (D:2)
  An adder zombie (D:7)
  An adder skeleton (D:4)
  9 giant geckos
  24 orcs
  5 giant cockroaches
  19 hobgoblins
  3 jackals
  24 kobolds
  6 quokkas
  9 bats
  A giant gecko skeleton (D:4)
  5 giant newts
  A giant newt skeleton (D:4)
  23 goblins
  3 kobold skeletons
  An orc skeleton (D:4)
  10 rats
  A fungus (D:5)
227 creatures vanquished.

Vanquished Creatures (collateral kills)
  Grinder (D:5)
  An ogre (D:6)
  A giant frog (D:6)
  A killer bee (D:7)
  A hound zombie (D:5)
  An adder (D:6)
  2 gnolls (D:3)
  An orc (D:6)
  A goblin (D:6)
  A hobgoblin (D:5)
  2 kobolds (D:6)
  A bat (D:7)
  A giant newt (D:3)
15 creatures vanquished.

Vanquished Creatures (others)
  A hound zombie (D:5)
  An orc zombie (D:5)
  A goblin skeleton (D:2)
  A hobgoblin skeleton (D:6)
  2 kobold zombies (D:3)
6 creatures vanquished.

Grand Total: 248 creatures vanquished

Notes
Turn   | Place    | Note
--------------------------------------------------------------
     0 | D:1      | Lightli, the Tengu Death Knight, began the quest for the Orb.
     0 | D:1      | Reached XP level 1. HP: 12/12 MP: 1/1
   214 | D:1      | Reached XP level 2. HP: 15/17 MP: 3/3
   249 | D:1      | Reached skill level 3 in Maces & Flails
   868 | D:2      | Found a white marble altar of Elyvilon.
  1037 | D:2      | Noticed Jessica
  1052 | D:2      | Killed Jessica
  1052 | D:2      | Reached skill level 4 in Maces & Flails
  1052 | D:2      | Reached XP level 3. HP: 21/21 MP: 5/5
  1779 | D:3      | Acquired Yredelemnul's second power
  1911 | D:2      | Reached XP level 4. HP: 13/26 MP: 6/6
  2040 | D:2      | Reached skill level 5 in Maces & Flails
  2124 | D:3      | Reached XP level 5. HP: 20/30 MP: 8/8
  2285 | D:3      | Reached skill level 6 in Maces & Flails
  3101 | D:3      | Reached XP level 6. HP: 22/35 MP: 10/10
  3478 | D:4      | Acquired Yredelemnul's third power
  3478 | D:4      | Reached skill level 7 in Maces & Flails
  3504 | D:4      | Noticed a phantom
  3523 | D:4      | Killed a phantom
  4011 | D:5      | Entered Level 5 of the Dungeon
  4152 | D:5      | Reached skill level 8 in Maces & Flails
  4152 | D:5      | Reached XP level 7. HP: 28/40 MP: 11/11
  4311 | D:5      | Found a glowing drain.
  4323 | Sewer    | Entered a sewer
  4440 | Sewer    | Found a white marble altar of Elyvilon.
  4610 | D:5      | Received a gift from Yredelemnul
  4823 | D:5      | Reached skill level 5 in Fighting
  4823 | D:5      | Reached XP level 8. HP: 22/49 MP: 11/13
  4956 | D:5      | Noticed Grinder
  5536 | D:5      | Received a gift from Yredelemnul
  5576 | D:5      | Killed Grinder
  5589 | D:5      | Got a faintly glowing ring mail
  5600 | D:5      | Identified the cursed +2 ring mail of Eternal Night {Slay+1} (You found it on level 5 of the Dungeon)
  5793 | D:5      | Noticed Crazy Yiuf
  5801 | D:5      | Killed Crazy Yiuf
  5872 | D:6      | Reached skill level 5 in Armour
  5928 | D:6      | Reached XP level 9. HP: 32/56 MP: 15/15
  5931 | D:6      | Acquired Yredelemnul's fourth power
  6313 | D:6      | Got a steaming leather armour
  6325 | D:6      | Identified the +1 leather armour of Fashionability {rN+} (You found it on level 6 of the Dungeon)
  6388 | D:6      | Noticed Duvessa
  6391 | D:6      | Noticed Dowan
  6393 | D:6      | Killed Duvessa
  6399 | D:6      | Killed Dowan
  6399 | D:6      | Received a gift from Yredelemnul
  6631 | D:6      | Found a blossoming altar of Fedhas.
  6631 | D:6      | Found an ancient bone altar of Kikubaaqudgha.
  6895 | D:6      | Received a gift from Yredelemnul
  7080 | D:7      | Reached skill level 5 in Dodging
  7381 | D:7      | Acquired Yredelemnul's fifth power
  7551 | D:7      | Reached skill level 9 in Maces & Flails
  7850 | D:7      | Found a staircase to the Ecumenical Temple.
  8039 | D:7      | Mangled by an orc warrior

Action                   |  1- 3 |  4- 6 |  7- 9 || total
-------------------------+-------+-------+-------++-------
Melee: Mace              |    71 |   167 |       ||   238
       Morningstar       |       |    22 |   410 ||   432
Invok: Animate Remains   |     6 |     6 |       ||    12
       Animate Dead      |       |       |     4 ||     4
 Abil: Fly               |       |     2 |    13 ||    15
Evoke: Wand              |       |       |     2 ||     2
  Use: Scroll            |     6 |     5 |     8 ||    19
       Potion            |       |       |     1 ||     1
  Eat: Chunk             |     3 |     8 |    15 ||    26
